 Dungeon Crawl Stone Soup version 0.20.0-15-g7f486f2 (webtiles) character file.

73 miragecloak the Cudgeler (level 4, 0/35 HPs)
             Began as a Formicid Abyssal Knight on June 28, 2017.
             Was a Follower of Lugonu.
             Slain by a bat (1 damage)
             ... on level 2 of the Dungeon.
             The game lasted 00:01:28 (1821 turns).

miragecloak the Cudgeler (Formicid Abyssal Knight)  Turns: 1821, Time: 00:01:29

Health: 0/35       AC:  3    Str: 17    XL:     4   Next: 51%
Magic:  5/5        EV: 11    Int: 11    God:    Lugonu [*.....]
Gold:   83         SH:  0    Dex: 11    Spells: 3/3 levels left

rFire    . . .     SeeInvis +   a - +1 mace
rCold    . . .     Gourm    .   (no shield)
rNeg     . . .     Faith    .   b - +0 leather armour
rPois    .         Spirit   .   (helmet unavailable)
rElec    .         Reflect  .   (no cloak)
rCorr    .         Harm     .   (no gloves)
MR       .....                  (no boots)
Stlth    +.........             (no amulet)
Regen    0.2/turn               (no ring)
MPRegen  0.1/turn               (no ring)

@: no status effects
A: permanent stasis, dig shafts and tunnels, four strong arms, antennae 3
a: Dig, Shaft Self, Depart the Abyss, Renounce Religion


You were on level 2 of the Dungeon.
You worshipped Lugonu.
Lugonu was aware of your devotion.
You were hungry.

You visited 1 branch of the dungeon, and saw 3 of its levels.
You visited the Abyss 1 time.

You collected 83 gold pieces.

Inventory:

Hand Weapons
 a - a +1 mace (weapon)
Armour
 b - a +0 leather armour (worn)
Scrolls
 d - a scroll of fog {unknown}
 g - 3 scrolls of remove curse {unknown}
 h - a scroll of magic mapping {unknown}
 i - 3 scrolls of identify {unknown}
 l - a scroll of recharging {unknown}
 n - a scroll of random uselessness {unknown}
Potions
 e - a potion of resistance {unknown}
 f - 2 potions of degeneration {unknown}
 j - 3 potions of mutation {unknown}
 k - a potion of might {unknown}
 m - a potion of haste {unknown}
Books
 o - a book of Cantrips

   Spells                             Type                      Level
   a - Confusing Touch                Hexes                        1
   b - Animate Skeleton               Necromancy                   1
   c - Summon Small Mammal            Summoning                    1
   d - Apportation                    Translocation                1
Comestibles
 c - a bread ration


   Skills:
 - Level 3.2 Fighting
 + Level 4.4 Maces & Flails
 - Level 2.1 Armour
 - Level 0.8 Dodging
 - Level 2.1 Invocations


You had 3 spell levels left.
You didn't know any spells.

Dungeon Overview and Level Annotations

Branches:
Dungeon (3/15)

Altars:
Yredelemnul


Innate Abilities, Weirdness & Mutations

You cannot be hasted, slowed, berserked, paralysed or teleported.
You can dig through walls and to a lower floor.
Your four strong arms can wield two-handed weapons with a shield.
You have a pair of large antennae on your head. (SInv)


Message History

* * * LOW HITPOINT WARNING * * *
The bat barely misses you.
You sock the orc!
You kill the orc!
Lugonu accepts your kill. The bat closely misses you.
The bat closely misses you.
Things that are here:
a flail; an orc corpse The bat hits you but does no damage.
The bat hits you.
* * * LOW HITPOINT WARNING * * *
The bat closely misses you. The bat barely misses you.
The bat closely misses you. The bat barely misses you.
The bat barely misses you. The bat closely misses you. The bat hits you.
You die...

#.# #.########.#
#.# #g##.......#
#.# #.{{.#
#.#######.# #
#<..# #g#.#
###.#####.#.###..
#.#..(.........
#.#.##..#####..
#.#.##@b......
#.#.##........
#.#.#...#####.
#.#.#>..####
#............
###.#.#######
#.#.# #.#.# #....


You could see a gnoll and a bat.

Vanquished Creatures
  An orc wizard (D:3)
  An adder (D:3)
  A dart slug (D:1)
  2 leopard geckos
  An orc (D:2)
  2 bats (D:2)
  8 goblins (D:1)
  6 hobgoblins (D:1)
  A quokka (D:3)
  2 frilled lizards (D:1)
  2 kobolds
  6 rats
33 creatures vanquished.

Notes
Turn   | Place    | Note
-------+----------+-------------------------------------------
     0 | Abyss:1  | miragecloak the Formicid Abyssal Knight began the quest for the Orb.
     0 | Abyss:1  | Reached XP level 1. HP: 18/18 MP: 2/2
    56 | Abyss:1  | Noticed a shadow wraith
    61 | D:1      | Escaped the Abyss
   102 | D:1      | Reached * piety under Lugonu
   102 | D:1      | Reached XP level 2. HP: 17/24 MP: 3/3
   252 | D:1      | Reached skill level 3 in Maces & Flails
   521 | D:1      | Reached XP level 3. HP: 26/29 MP: 4/4
  1309 | D:3      | Found a basalt altar of Yredelemnul.
  1755 | D:3      | Reached skill level 4 in Maces & Flails
  1755 | D:3      | Reached XP level 4. HP: 8/35 MP: 5/5
  1811 | D:2      | HP: 1/35 [orc/flail (7)]
  1821 | D:2      | Slain by a bat

Skill      XL: |  1  2  3 |
---------------+----------+-----
Maces & Flails | 3 4 |  4.4
Fighting       | |  3.2
Armour         | |  2.1
Dodging        | |  0.8
Invocations    | |  2.1

Action                   |  1- 3 |  4- 6 || total
-------------------------+-------+-------++-------
Melee: Mace              |    99 |     6 ||   105
Invok: Depart the Abyss  |     1 |       ||     1
 Stab: Sleeping          |     1 |       ||     1
  Eat: Chunk             |     2 |       ||     2
Armor: Leather armour    |    37 |     6 ||    43
Dodge: Dodged            |    58 |    17 ||    75
